 Dungeon Crawl Stone Soup version 0.31-a0-982-g1816016f30 (webtiles) character file.

Game seed: 8159487137440992897

37 BinkBink the Shooter (level 3, -1/22 HPs)
             Began as a Tengu Hunter on Nov 2, 2023.
             Slain by an adder (4 damage)
             ... on level 2 of the Dungeon.
             The game lasted 00:01:15 (891 turns).

BinkBink the Shooter (Tengu Hunter)                  Turns: 891, Time: 00:01:15

Health: -1/22      AC:  0    Str: 11    XL:     3   Next: 41%
Magic:  4/4        EV: 28    Int:  9    God:
Gold:   77         SH:  0    Dex: 19    Spells: 2/2 levels left

rFire   . . .        a - +0 shortbow
rCold   . . .        (shield currently unavailable)
rNeg    . . .        (no body armour)
rPois   .            (helmet currently unavailable)
rElec   .            (cloak currently unavailable)
rCorr   .            (gloves currently unavailable)
SInv    .            (boots unavailable)
Will    .....        (no amulet)
Stlth   ++           (no ring)
HPRegen 0.23/turn    (no ring)
MPRegen 0.09/turn

%: acrobat
@: beast-form, acrobatic
A: beast (slay +0), beak, talons 3, acrobatic
a: Begin Untransformation


You were on level 2 of the Dungeon.
You were a hulking beast.
You visited 1 branch of the dungeon, and saw 2 of its levels.

You collected 77 gold pieces.

Inventory:

Hand Weapons
 a - a +0 shortbow (weapon)
Talismans
 h - a beast talisman (active)
Wands
 i - a wand of acid (11)
Scrolls
 b - a scroll of butterflies
 d - a scroll of torment {unknown}
 e - a scroll of teleportation {unknown}
 g - a scroll of enchant weapon {unknown}
Potions
 c - a potion of brilliance {unknown}
 f - a potion of mutation {unknown}


   Skills:
 + Level 2.6 Fighting
 + Level 4.8 Ranged Weapons
 + Level 2.8 Dodging
 - Level 1.0 Stealth
 + Level 0.4 Shapeshifting


You had 2 spell levels left.
You didn't know any spells.
Your spell library contained the following spells:

 Spells                   Type           Power      Damage    Failure   Level
 Inner Flame              Hex/Fire       0%         N/A       77%         3
 Yara's Violent Unravell  Hex/Tmut       0%         3d3       100%        5
 Enfeeble                 Hex            0%         N/A       100%        7


Dungeon Overview and Level Annotations

Branches:
Dungeon (2/15)

Altars:


Innate Abilities, Weirdness & Mutations

You are a hulking beast.
Your limbs bulge with bestial killing power. (Slay +0)
You have a beak for a mouth.
You have claws for feet.
You can magically evade attacks while moving or waiting.


Message History

No target in view!
You now have 77 gold pieces (gained 6).
An adder comes into view.
An adder is nearby!
An adder is nearby!
You shoot an arrow. The arrow hits the adder.
The adder hisses angrily.
The adder is lightly wounded.
A worm comes into view.
You shoot an arrow. The arrow hits the worm!
The worm is moderately wounded.
You shoot an arrow. The arrow hits the adder.
The adder is moderately wounded.
You shoot an arrow. The arrow closely misses the adder.
You shoot an arrow. The arrow misses the adder.
The adder bites you.
You shoot an arrow. The arrow barely misses the adder.
The adder bites you. The adder misses you.
You shoot an arrow. The arrow hits the adder.
The adder is severely wounded.
The adder misses you.
You shoot an arrow. The arrow barely misses the adder.
The adder closely misses you.
You shoot an arrow. The arrow barely misses the adder.
The adder bites you.
You are poisoned.
The adder poisons you! The adder barely misses you.
You shoot an arrow. The arrow hits the adder.
The adder is severely wounded.
You feel sick. The adder misses you. The adder bites you.
You shoot an arrow. The arrow barely misses the adder.
You feel sick. The adder bites you.
You are too injured to fight recklessly!
You feel sick. The adder bites you.
You feel sick. The adder completely misses you.
You feel sick. The adder attacks as it pursues you! The adder bites you.
* * * LOW HITPOINT WARNING * * *
You feel sick.
You are no longer poisoned.
The adder attacks as it pursues you! The adder misses you.
The adder attacks as it pursues you! The adder bites you.
You die...

.... .... ## ...#####
..## #.....# #..#
#.....# ##)# #.....#
...#####.....#########.#
##†.........w..Sh.......
.............#########.#
)#.######....#
.#.##....#####
#.....#.#######
####..........#
#.........#...#
#.........# .
#.........#


You could see a worm and an adder.

Vanquished Creatures
  A worm (D:2)
  3 dart slugs
  2 ball pythons
  3 endoplasms
  3 giant cockroaches
  A hobgoblin (D:2)
  3 quokkas
  A frilled lizard (D:1)
  4 goblins
  3 kobolds
  A rat (D:1)
25 creatures vanquished.

Notes
Turn   | Place    | Note
-------+----------+-------------------------------------------
     0 | D:1      | BinkBink the Tengu Hunter began the quest for the Orb.
     0 | D:1      | Reached XP level 1. HP: 12/12 MP: 2/2
   193 | D:1      | Reached XP level 2. HP: 17/17 MP: 3/3
   768 | D:2      | Reached XP level 3. HP: 22/22 MP: 4/4
   891 | D:2      | Slain by an adder

Illustrated notes

Levels and vault maps discovered:
D:1:      wander_arrival_estate, layout_loops_ring
D:2:      layout_basic, uniq_terence

Action                     || total
---------------------------++-------
   Fire: Shortbow          ||    90
 Armour: Skin              ||    15
  Dodge: Dodged            ||    22
   Form: Beast             ||     1

Table legend: (Time is in decaauts)
 A = Elapsed time spent in this place.
 B = Non-inter-level travel time spent in this place.
 C = Inter-level travel time spent in this place.
 D = Time resting spent in this place.
 E = Time spent auto-exploring this place.
 F = Levels seen in this place.
 G = Mean time per level.
                   A        B        C        D        E       F      G
               +--------+--------+--------+--------+--------+-----+--------+
         Total |    906 |    836 |     70 |      0 |    675 |   2 |  453.0 |
       Dungeon |    906 |    836 |     70 |      0 |    675 |   2 |  453.0 |
               +--------+--------+--------+--------+--------+-----+--------+

Top non-repeatable levels by time:
     D:1: 730 daAuts
     D:2: 176 daAuts
